 Dungeon Crawl Stone Soup version 0.21-a0-364-gbd1fde4 (console) character file.

5493 nht the Thrower (level 10, -3/163 HPs)
             Began as an Ogre Berserker on Oct 14, 2017.
             Was an Elder of Trog.
             Slain by a killer bee (7 damage)
             ... while paralysed
             ... on level 9 of the Dungeon.
             The game lasted 00:12:29 (8505 turns).

nht the Thrower (Ogre Berserker)                    Turns: 8505, Time: 00:12:29

Health: -3/163     AC:  3    Str: 31    XL:     10   Next: 69%
Magic:  10/10      EV:  1    Int:  8    God:    Trog [****..]
Gold:   133        SH:  0    Dex:  8    Spells: 9/9 levels left

rFire    . . .     SeeInvis .   q - +1 flail
rCold    + . .     Gourm    .   (no shield)
rNeg     . . .     Faith    +   b - +0 animal skin
rPois    +         Spirit   .   (helmet restricted)
rElec    .         Reflect  .   (no cloak)
rCorr    .         Harm     .   (gloves unavailable)
MR       +++..                  (boots unavailable)
Stlth    ..........             d - amulet of faith
HPRegen  1.37/turn              o - ring of protection from cold
MPRegen  0.12/turn              s - ring of poison resistance

@: paralysed, berserking (expiring), lethally poisoned (-3 -> -3), fainting,
regenerating
A: unfitting armour, hooves 1, horns 1, tough skin 1
a: Berserk, Trog's Hand, Brothers in Arms, Burn Spellbooks, Renounce Religion


You were on level 9 of the Dungeon.
You worshipped Trog.
Trog was greatly pleased with you.
You were fainting.

You visited 1 branch of the dungeon, and saw 9 of its levels.
You also visited: Ossuary.

You collected 620 gold pieces.
You spent 487 gold pieces at shops.

Inventory:

Hand Weapons
 a - a +0 mace
 q - a +1 flail (weapon)
Missiles
 l - 11 tomahawks (quivered)
 u - 7 large rocks
 G - 3 exploding tomahawks
Armour
 b - a +0 animal skin (worn)
Jewellery
 d - an amulet of faith (around neck)
 m - an uncursed ring of fire
 o - a ring of protection from cold (left hand)
 s - a ring of poison resistance (right hand)
 I - an uncursed ring of flight
Wands
 v - a wand of acid (1/15)
 y - a wand of confusion (21/48)
Scrolls
 e - 2 scrolls of fear
 h - a scroll of recharging
 i - 3 scrolls of magic mapping
 j - 11 scrolls of remove curse
 k - a scroll of enchant weapon
 K - a scroll of teleportation
Potions
 f - 8 potions of curing
 n - 4 potions of agility
 p - 3 potions of lignification
 r - 2 potions of magic
 t - 3 potions of heal wounds
 w - a potion of haste
 x - 2 potions of degeneration {unknown}
 z - a potion of cancellation
 B - 2 potions of resistance {unknown}
 C - 2 potions of flight
 D - a potion of might
 F - 2 potions of mutation
 H - 2 potions of berserk rage {unknown}
Comestibles
 c - 4 bread rations
 g - 8 meat rations
 A - 2 royal jellies
 J - a fruit


   Skills:
 + Level 9.7 Fighting
 * Level 9.3 Maces & Flails
 + Level 12.2 Throwing
 - Level 2.6 Dodging


You had 9 spell levels left.
You didn't know any spells.

Dungeon Overview and Level Annotations

Branches:
Dungeon (9/15)             Temple (0/1) D:4
   Lair: D:8-11         Orc: D:9-12

Altars:
Cheibriados
Elyvilon
Gozag
Makhleb
Nemelex Xobeh
Okawaru
Qazlal
Uskayaw
Vehumet
Wu Jian
Xom
Yredelemnul
Zin
The Shining One

Shops:
D:4 (*!%   D:5 *   D:6 %


Innate Abilities, Weirdness & Mutations

You are too large for most types of armour.
You have tough skin. (AC +1)
You have large cloven feet.
You have a pair of small horns on your head.


Message History

The bullfrog skeleton hits you.
* * * LOW HITPOINT WARNING * * *
The killer bee stings you.
* * * LOW HITPOINT WARNING * * *
The bullfrog skeleton hits you.
* * * LOW HITPOINT WARNING * * *
You feel sick. The killer bee stings you.
* * * LOW HITPOINT WARNING * * *
The bullfrog skeleton hits you.
* * * LOW HITPOINT WARNING * * *
The killer bee stings you.
* * * LOW HITPOINT WARNING * * *
The killer bee stings you!
* * * LOW HITPOINT WARNING * * *
The bullfrog skeleton hits you.
* * * LOW HITPOINT WARNING * * *
The killer bee stings you.
* * * LOW HITPOINT WARNING * * *
You feel sick. The killer bee stings you!
You die...

....█ .. █....█.....█ ;≈
....█ >.. ....█.....█ ≈≈.
.(..█ .... ....█.....█.≈≈.
█..██ ..[.██..██.....█≈≈≈.
█'██████.....█..█.........≈.
█......█........█.......≈≈≈.
'......█........█..)....≈≈≈≈
████████.......Z█yy..†..≈≈≈≈
............8...@████...≈.≈.
.................█ .....≈.
.................█ ..y..≈.
.................█ .....≈≈
..........(......█ .......
.................█ .....V≈
.................█ ......≈
████.......█§...██
█.....§█§██..█


You could see 2 killer bees and a bullfrog skeleton.

Vanquished Creatures
  3 polar bears (D:9)
  Grinder (D:3)
  A hippogriff (D:9)
  The ghost of Hasart the Chiller, an amateur OpIE of Sif Muna (D:4)
  2 yaks (D:9)
  A vampire (D:9)
  The ghost of Hasart the Chiller, an amateur OpIE (D:3)
  A phantom (D:5)
  2 ogres
  3 ice beasts
  2 centaurs
  A big kobold (D:8)
  2 bullfrogs
  3 scorpions
  A water moccasin skeleton (D:6)
  3 killer bees (D:9)
  A jelly (D:9)
  4 electric eels (D:8)
  4 howler monkeys
  A bullfrog zombie (D:5)
  2 crimson imps
  A centaur skeleton (D:6)
  A hound (D:7)
  An orc priest (D:8)
  An iguana (D:8)
  Natasha (thrice) (D:3)
  4 worker ants
  2 orc wizards (D:8)
  A hound skeleton (D:4)
  8 mummies (Ossuary)
  A worker ant zombie (D:8)
  4 gnolls (D:3)
  6 adders
  A shadow imp (D:9)
  3 white imps (D:9)
  2 ufetubi (D:9)
  2 oozes (D:4)
  7 worms
  3 dart slugs (D:1)
  An adder simulacrum (D:9)
  6 leopard geckos
  10 orcs
  14 bats
  7 giant cockroaches
  5 goblins
  5 hobgoblins
  2 jackals
  3 quokkas
  6 frilled lizards
  2 hobgoblin zombies (Ossuary)
  A jackal zombie (D:7)
  16 kobolds
  2 kobold zombies (Ossuary)
  A leopard gecko simulacrum (D:9)
  4 orc zombies (Ossuary)
  7 rats
183 creatures vanquished.

Vanquished Creatures (others)
  A frilled lizard (D:2)
1 creature vanquished.

Grand Total: 184 creatures vanquished

Notes
Turn   | Place    | Note
-------+----------+-------------------------------------------
     0 | D:1      | nht the Ogre Berserker began the quest for the Orb.
     0 | D:1      | Reached XP level 1. HP: 24/24 MP: 1/1
   109 | D:1      | Reached XP level 2. HP: 24/32 MP: 2/2
   336 | D:1      | Reached XP level 3. HP: 12/40 MP: 3/3
   753 | D:1      | Reached ** piety under Trog
  1535 | D:2      | Reached XP level 4. HP: 34/49 MP: 4/4
  1545 | D:2      | Found a radiant altar of Vehumet.
  1956 | D:2      | Found a faded altar of an unknown god.
  2293 | D:3      | Noticed Natasha
  2299 | D:3      | Killed Natasha
  2299 | D:3      | Reached skill level 5 in Fighting
  2344 | D:3      | Found a sparkling altar of Nemelex Xobeh.
  2359 | D:3      | Noticed Natasha
  2382 | D:3      | Killed Natasha
  2382 | D:3      | Reached XP level 5. HP: 43/57 MP: 5/5
  2947 | D:3      | Noticed Natasha
  2959 | D:3      | Killed Natasha
  2959 | D:3      | Reached skill level 5 in Maces & Flails
  3155 | D:3      | Noticed a water elemental
  3157 | D:3      | Found a stormy altar of Qazlal.
  3158 | D:3      | Noticed an air elemental
  3158 | D:3      | Noticed a fire elemental
  3159 | D:3      | Noticed Hasart's ghost (amateur OpIE)
  3170 | D:3      | Killed Hasart's ghost
  3170 | D:3      | Reached XP level 6. HP: 64/67 MP: 6/6
  3630 | D:3      | Noticed Grinder
  3631 | D:3      | Paralysed by Grinder for 7 turns
  3656 | D:3      | Gained mutation: You have large cloven feet. [potion of mutation]
  3656 | D:3      | Gained mutation: You have a pair of small horns on your head. [potion of mutation]
  3658 | D:3      | Killed Grinder
  3658 | D:3      | Reached XP level 7. HP: 76/76 MP: 7/7
  3747 | D:3      | Found an ornate altar of the Wu Jian Council.
  3889 | D:4      | Found Ikigeta's Food Shoppe.
  3914 | D:4      | Found a staircase to the Ecumenical Temple.
  3937 | D:4      | Reached *** piety under Trog
  3966 | D:4      | Noticed Hasart's ghost (amateur OpIE)
  3970 | D:4      | Killed Hasart's ghost
  4010 | D:4      | Found Camolora's Weapon Shop.
  4028 | D:4      | Found a shimmering altar of Xom.
  4076 | D:4      | Reached XP level 8. HP: 80/88 MP: 8/8
  4243 | D:4      | Found Xem Coic's General Store.
  4254 | D:4      | Bought 4 large rocks for 39 gold pieces
  4254 | D:4      | Bought a scroll of identify for 28 gold pieces
  4270 | D:4      | Found Firagad's Distillery.
  4299 | D:4      | Bought 2 potions of lignification for 84 gold pieces
  4493 | D:5      | Entered Level 5 of the Dungeon
  4651 | D:5      | Found a burning altar of Makhleb.
  4735 | D:5      | Found Zin's Purification Station.
  4737 | D:5      | Found a glowing silver altar of Zin.
  4855 | D:5      | Reached skill level 1 in Throwing
  5276 | D:6      | Found a basalt altar of Yredelemnul.
  5373 | D:6      | Found Lulorox's Food Shop.
  5395 | D:6      | Found a sand-covered staircase.
  5399 | Ossuary  | Entered an ossuary
  5638 | Ossuary  | Reached **** piety under Trog
  5638 | Ossuary  | Reached skill level 2 in Throwing
  6303 | D:6      | Reached skill level 11 in Throwing
  6303 | D:6      | Reached XP level 9. HP: 97/97 MP: 9/9
  6427 | D:6      | Found a hide-covered altar of Uskayaw.
  6428 | D:6      | Found an opulent altar of Gozag.
  6577 | D:4      | Bought a potion of haste for 140 gold pieces
  6577 | D:4      | Bought a potion of agility for 56 gold pieces
  6577 | D:4      | Bought a potion of heal wounds for 70 gold pieces
  6577 | D:4      | Bought a potion of heal wounds for 70 gold pieces
  6868 | D:7      | Found a snail-covered altar of Cheibriados.
  7036 | D:7      | Found an iron altar of Okawaru.
  7038 | D:7      | Found a glowing golden altar of the Shining One.
  7123 | D:8      | Received a gift from Trog
  7178 | D:8      | Reached XP level 10. HP: 78/106 MP: 10/10
  7681 | D:8      | Found a white marble altar of Elyvilon.
  7843 | D:8      | Reached skill level 12 in Throwing
  8501 | D:9      | Paralysed by fainting for 8 turns
  8504 | D:9      | HP: 7/163 [bullfrog skeleton (2)]
  8505 | D:9      | Slain by a killer bee

Vault maps used:
D:1:      lightli_iron_boxes
D:2:      fiery_altar_vehumet, chequers_ecumenical_altar_simple
D:3:      lemuel_coloured_pillars_altar, nemelex_xobeh_ov_fountains_minmay,
          nicolae_qazlal_style_of_elements, uniq_natasha, uniq_grinder
D:4:      kennysheep_mini_moat, minmay_temple_entry_steel_oval, serial_shops,
          nicolae_shop_competitors_out_of_business, shop, shop, shop,
          minivault_1
D:5:      lemuel_crystal_altar, zin_purify, first_bread
D:6:      yredelemnul_altar_generic, gammafunk_temple_overflow_statue,
          serial_shops, nicolae_shop_trees, lightli_ossuary_entry_decrepit_ruins
D:7:      marbit_many_paths, minitemple
D:8:      nicolae_overflow_hidden_temple, serial_bayou, serial_bayou_ford_a,
          serial_bayou_lagoon_a, serial_bayou_shore_b, serial_bayou_crossing
D:9:      serial_ice, serial_ice_a, serial_ice_j, serial_ice_d, serial_ice_f,
          serial_ice_g, serial_ice_h, grunt_ogre_cave, minmay_the_grid_2x2
Ossuary:  ossuary_tomb_3

Skill      XL: |  1  2  3  4  5  6  7  8  9 10 |
---------------+-------------------------------+-----
Maces & Flails | 3 4 5 6 7 8 9 |  9.3
Fighting       | 5 6 7 8 9 |  9.7
Throwing       | 11 12 | 12.2
Dodging        | |  2.6

Action                   |  1- 3 |  4- 6 |  7- 9 | 10-12 || total
-------------------------+-------+-------+-------+-------++-------
Melee: Mace              |   113 |    98 |       |       ||   211
       Flail             |       |    53 |   188 |    90 ||   331
       Headbutt          |       |     1 |    37 |    10 ||    48
       Kick              |       |       |    52 |    25 ||    77
Throw: Tomahawk          |       |       |    14 |     2 ||    16
Invok: Berserk           |     2 |     5 |     2 |     2 ||    11
       Burn Spellbooks   |       |     1 |     1 |       ||     2
       Trog's Hand       |       |     1 |       |     1 ||     2
Evoke: Wand              |       |       |       |    20 ||    20
  Use: Potion            |       |     4 |     1 |       ||     5
       Scroll            |       |       |    15 |     1 ||    16
  Eat: Chunk             |     2 |     8 |    10 |     4 ||    24
       Bread ration      |       |     1 |     1 |       ||     2
Armor: Animal skin       |    51 |    58 |    24 |    16 ||   149
Dodge: Dodged            |    73 |    80 |    92 |    55 ||   300

Table legend:
 A = Spawn XP
 B = Non-spawn XP
 C = Spawn XP percentage of total XP
 D = Spawn monster count
 E = Non-spawn monster count
 F = Spawn count percentage of total count
 G = Total turns spent on level
                    A         B        C        D         E        F      G
               +---------+---------+-------+---------+---------+-------+---------
         Total |       0 |    5857 |   0.0 |       0 |     183 |   0.0 |  8505
               +---------+---------+-------+---------+---------+-------+---------
           D:1 |       0 |      55 |   0.0 |       0 |      33 |   0.0 |  1128
           D:2 |       0 |      32 |   0.0 |       0 |      10 |   0.0 |  1561
           D:3 |       0 |     710 |   0.0 |       0 |      32 |   0.0 |  1105
           D:4 |       0 |     478 |   0.0 |       0 |      19 |   0.0 |   707
           D:5 |       0 |     293 |   0.0 |       0 |       8 |   0.0 |   803
           D:6 |       0 |     377 |   0.0 |       0 |       9 |   0.0 |   605
           D:7 |       0 |     362 |   0.0 |       0 |       6 |   0.0 |   462
           D:8 |       0 |     956 |   0.0 |       0 |      27 |   0.0 |   915
           D:9 |       0 |    2439 |   0.0 |       0 |      23 |   0.0 |   513
       Ossuary |       0 |     155 |   0.0 |       0 |      16 |   0.0 |   706
               +---------+---------+-------+---------+---------+-------+---------
